 Dungeon Crawl Stone Soup version 0.28.0-1-gb440e238dd (webtiles) character file.

Game seed: 2020275094422104735

2 kittymaster the Caller (level 1, -1/7 HPs)
             Began as a Felid Summoner on Feb 22, 2022.
             Slain by an endoplasm (2 damage)
             ... on level 1 of the Dungeon.
             The game lasted 00:01:53 (118 turns).

kittymaster the Caller (Felid Summoner)              Turns: 118, Time: 00:01:54

Health: -1/7       AC:  1    Str:  4    XL:     1   Next: 33%
Magic:  2/4        EV: 17    Int: 16    God:
Gold:   12         SH:  0    Dex: 16    Spells: 3/4 levels left
                                        Lives:  0   Deaths: 0

rFire   . . .      SeeInvis +   (weapon unavailable)
rCold   . . .      Faith    .   (shield unavailable)
rNeg    . . .      Spirit   .   (armour unavailable)
rPois   .          Reflect  .   (helmet unavailable)
rElec   .          Harm     .   (cloak unavailable)
rCorr   .          Rampage  .   (gloves unavailable)
Will    .....                   (boots unavailable)
Stlth   ++........              (no amulet)
HPRegen 0.02/turn               (no ring)
MPRegen 0.09/turn               (no ring)

@: quick
A: very small, claws 1, fangs 3, see invisible, speed 1, shaggy fur 1, stealthy
paws, no weapons or thrown items, no armour, multi-lived
a: no special abilities


You were on level 1 of the Dungeon.
You visited 1 branch of the dungeon, and saw 1 of its levels.

You collected 12 gold pieces.

Inventory:

Scrolls
 a - 4 scrolls of identify {unknown}


   Skills:
 + Level 2.6 Dodging
 + Level 2.6 Stealth
 + Level 2.0 Spellcasting
 + Level 4.1 Summonings


You had 3 spell levels left.
You knew the following spells:

 Your Spells              Type           Power      Damage    Failure   Level
a - Summon Small Mammal   Summ           56%        N/A       3%          1

Your spell library contained the following spells:

 Spells                   Type           Power      Damage    Failure   Level
 Call Imp                 Summ           14%        N/A       6%          2
 Call Canine Familiar     Summ           14%        N/A       12%         3
 Summon Guardian Golem    Hex/Summ       8%         N/A       26%         3
 Summon Lightning Spire   Summ/Air       8%         N/A       65%         4


Dungeon Overview and Level Annotations

Branches:
Dungeon (1/15)

Altars:


Innate Abilities, Weirdness & Mutations

You have sharp claws.
You have razor-sharp teeth.
You have supernaturally acute eyesight. (SInv)
You cover ground quickly. (Speed+)
You are covered in fur. (AC +1)
Your paws help you pounce on unaware monsters.
You are incapable of wielding weapons or throwing items.
You cannot wear armour.
You gain extra lives every three experience levels.


Message History

Confirm with . or Enter, or press ? or * to list all spells.
You don't know that spell.
Casting: Summon Small Mammal (safe; 3% risk of failure)
Confirm with . or Enter, or press ? or * to list all spells.
You don't know that spell.
Casting: Summon Small Mammal (safe; 3% risk of failure)
Confirm with . or Enter, or press ? or * to list all spells.
You don't know that spell.
Casting: Summon Small Mammal (safe; 3% risk of failure)
Confirm with . or Enter, or press ? or * to list all spells.
You don't know that spell.
Casting: Summon Small Mammal (safe; 3% risk of failure)
Confirm with . or Enter, or press ? or * to list all spells.
You don't know that spell.
Casting: Summon Small Mammal (safe; 3% risk of failure)
Confirm with . or Enter, or press ? or * to list all spells.
You don't know that spell.
Casting: Summon Small Mammal (safe; 3% risk of failure)
Confirm with . or Enter, or press ? or * to list all spells.
The ball python misses you. The ball python barely misses you.
The kobold closely misses you.
Casting: Summon Small Mammal (safe; 3% risk of failure)
Confirm with . or Enter, or press ? or * to list all spells.
The bat misses your quokka. x2; The ball python misses you.
The ball python closely misses you.
Your quokka closely misses the ball python.
The endoplasm closely misses you. The kobold completely misses you.
You closely miss the kobold. The bat barely misses your quokka.
The bat hits your quokka. The bat closely misses your quokka.
The ball python completely misses you. The ball python closely misses you.
Your quokka bites the ball python.
The ball python dies!
The endoplasm barely misses you. The kobold hits you but does no damage.
You scratch the kobold but do no damage.
The bat hits you but does no damage. The bat hits you.
* * * LOW HITPOINT WARNING * * *
Your quokka bites the bat.
The bat dies!
The endoplasm hits you.
You die...

...b.b..........♣...#
...................P#
..P(.........P.....♣#
.....♣P.P♣♣.##...##P#
..♣.♣#########'''# ##
....P#
#######...#####.#..
.....#
#..b....b..........
....P#
#.######r######.#..
.....# #.# #...@K...#
...♣♣# #.# #.#J####.#
..♣♣ #.####.#B# .P<♣
#.....b#.##### ♣♣♣♣
#.............
#####..[......
###....B.. ###.....
#####


You could see an endoplasm (ally target), a giant cockroach, a kobold (ally
target), a friendly quokka (summoned) and a friendly bat (summoned).

Vanquished Creatures (collateral kills)
  A ball python (D:1)
  A bat (D:1)
  2 frilled lizards (D:1)
  A rat (D:1)
5 creatures vanquished.

Notes
Turn   | Place    | Note
-------+----------+-------------------------------------------
     0 | D:1      | kittymaster the Felid Summoner began the quest for the Orb.
     0 | D:1      | Reached XP level 1. HP: 7/7 MP: 4/4
   118 | D:1      | Slain by an endoplasm

Illustrated notes

Levels and vault maps discovered:
D:1:      kennysheep_arrival_seaside, layout_basic,
          hellmonk_ecumenical_altar_zigzags, minmay_pentomino_s4

Action                   || total
-------------------------++-------
Melee: Unarmed           ||     2
 Cast: Summon Small Mamm ||     4
Armor: Skin              ||     3
Dodge: Dodged            ||    28
